 Dungeon Crawl Stone Soup version 0.29.1-2-gbd0b4ee654 (webtiles) character file.

Game seed: 8529230436355585381

84 MisterFreud the Covert (level 4, -1/41 HPs)
             Began as a Gnoll Delver on Nov 2, 2022.
             Slain by a phantom (7 damage)
             ... on level 4 of the Dungeon.
             The game lasted 00:00:33 (40 turns).

MisterFreud the Covert (Gnoll Delver)                 Turns: 40, Time: 00:00:33

Health: -1/41      AC:  3    Str: 11    XL:     4   Next: 46%
Magic:  3/5        EV: 13    Int: 11    God:
Gold:   0          SH:  0    Dex: 14    Spells: 5/5 levels left

rFire   . . .      SeeInvis .   a - +0 short sword
rCold   . . .      Faith    .   (no shield)
rNeg    . . .      Spirit   .   b - +0 leather armour
rPois   .          Reflect  .   (no helmet)
rElec   .          Harm     .   (no cloak)
rCorr   .          Rampage  .   (no gloves)
Will    .....                   (no boots)
Stlth   ++++......              (no amulet)
HPRegen 0.13/turn               (no ring)
MPRegen 0.09/turn               (no ring)

@: hasted, very quick
A: fangs 1, strong nose, distributed training
a: no special abilities


You were on level 4 of the Dungeon.
You visited 1 branch of the dungeon, and saw 3 of its levels.

Inventory:

Hand Weapons
 a - a +0 short sword (weapon)
Armour
 b - a +0 leather armour (worn)
Wands
 g - a wand of digging (3)
Scrolls
 c - a scroll of fog
 d - a scroll of magic mapping
 e - a scroll of fear


   Skills:
 + Level 6.6 Fighting
 + Level 4.6 Short Blades
 + Level 1.2 Long Blades
 + Level 1.2 Axes
 + Level 1.2 Maces & Flails
 + Level 1.2 Polearms
 + Level 1.2 Staves
 + Level 1.2 Ranged Weapons
 + Level 1.2 Throwing
 + Level 1.2 Armour
 + Level 4.6 Dodging
 + Level 9.6 Stealth
 + Level 1.2 Shields
 + Level 1.2 Unarmed Combat
 + Level 1.2 Spellcasting
 + Level 1.0 Conjurations
 + Level 1.0 Hexes
 + Level 1.0 Summonings
 + Level 1.0 Necromancy
 + Level 1.0 Translocations
 + Level 1.0 Transmutations
 + Level 1.0 Fire Magic
 + Level 1.0 Ice Magic
 + Level 1.0 Air Magic
 + Level 1.0 Earth Magic
 + Level 1.0 Poison Magic
 + Level 1.3 Invocations
 + Level 1.2 Evocations


You had 5 spell levels left.
You didn't know any spells.
Your spell library was empty.

Dungeon Overview and Level Annotations

Branches:
Dungeon (6/15)
 Temple: D:4-7

Altars:


Innate Abilities, Weirdness & Mutations

You have very sharp teeth.
Your uncanny sense of smell can sniff out nearby items.
Your experience applies equally to all skills.


Message History

There is a stone staircase leading down here.
You hit the phantom but do no damage.
The phantom is moderately damaged.
The phantom barely misses you.
You hit the phantom. You bite the phantom, but do no damage.
The phantom is moderately damaged.
The phantom hits you.
The phantom blinks!
You blink.
A dart slug comes into view.
You hit the phantom.
The phantom is heavily damaged.
You hit the phantom.
The phantom is heavily damaged.
The phantom barely misses you.
You are too injured to fight recklessly!
You are too injured to fight recklessly!
You are too injured to fight recklessly!
You closely miss the phantom. You bite the phantom, but do no damage.
The phantom is heavily damaged.
The phantom hits you.
You hit the phantom but do no damage.
The phantom is heavily damaged.
The phantom hits you!
* * * LOW HITPOINT WARNING * * *
The phantom blinks!
You blink.
Found a robe.
The phantom hits you but does no damage.
Unknown command.
You hit the phantom. Your bite misses the phantom.
The phantom is heavily damaged.
The phantom hits you.
* * * LOW HITPOINT WARNING * * *
You hit the phantom but do no damage.
The phantom is heavily damaged.
The phantom barely misses you.
You feel yourself speed up.
The phantom hits you but does no damage.
Okay, then.
You hit the phantom.
The phantom is severely damaged.
The phantom hits you!
You die...

# ###
#######.######.#
#..
..##..w..........
#.##.....###+#.....
#.#...###..[....#
#...#∆ #.......+
#>.# #....@W.# #.##
####+#### #.# #.#
#.# ∆ #.# #+#


You could see a phantom.

Vanquished Creatures
  An ogre (D:6)
1 creature vanquished.

Notes
Turn   | Place    | Note
-------+----------+-------------------------------------------
     0 | D:5      | Reached skill level 9 in Stealth
     0 | D:5      | MisterFreud the Gnoll Delver began the quest for the Orb.
     0 | D:5      | Reached XP level 1. HP: 23/23 MP: 1/1
     1 | D:6      | Noticed an ogre
     3 | D:6      | Noticed a sky beast
     4 | D:6      | Killed an ogre
     5 | D:6      | Reached skill level 1 in Long Blades
     5 | D:6      | Reached skill level 1 in Axes
     5 | D:6      | Reached skill level 1 in Maces & Flails
     5 | D:6      | Reached skill level 1 in Polearms
     5 | D:6      | Reached skill level 1 in Staves
     5 | D:6      | Reached skill level 1 in Ranged Weapons
     5 | D:6      | Reached skill level 1 in Throwing
     5 | D:6      | Reached skill level 1 in Armour
     5 | D:6      | Reached skill level 1 in Shields
     5 | D:6      | Reached skill level 1 in Unarmed Combat
     5 | D:6      | Reached skill level 1 in Spellcasting
     5 | D:6      | Reached skill level 1 in Conjurations
     5 | D:6      | Reached skill level 1 in Hexes
     5 | D:6      | Reached skill level 1 in Summonings
     5 | D:6      | Reached skill level 1 in Necromancy
     5 | D:6      | Reached skill level 1 in Translocations
     5 | D:6      | Reached skill level 1 in Transmutations
     5 | D:6      | Reached skill level 1 in Fire Magic
     5 | D:6      | Reached skill level 1 in Ice Magic
     5 | D:6      | Reached skill level 1 in Air Magic
     5 | D:6      | Reached skill level 1 in Earth Magic
     5 | D:6      | Reached skill level 1 in Poison Magic
     5 | D:6      | Reached skill level 1 in Invocations
     5 | D:6      | Reached skill level 1 in Evocations
     5 | D:6      | Reached XP level 2. HP: 29/29 MP: 1/3
     5 | D:6      | Reached XP level 3. HP: 35/35 MP: 1/4
     5 | D:6      | Reached XP level 4. HP: 41/41 MP: 1/5
     9 | D:5      | Noticed a phantom
    40 | D:4      | Slain by a phantom

Illustrated notes

Levels and vault maps discovered:
D:4:      due_chaos_kobolds, layout_basic,
          nicolae_hepliaklqana_ecumenical_no_more, minmay_manual_mullet
D:5:      layout_basic, grunt_dithmenos_smoke,
          mainiacjoe_overflow_catwalk_spiral
D:6:      layout_gridville, mainiacjoe_overflow_24_doors, uniq_edmund,
          uniq_grinder

Skill      XL: |  1 |
---------------+----+-----
Stealth        | |  9.6
Long Blades    | 1 |  1.2
Axes           | 1 |  1.2
Maces & Flails | 1 |  1.2
Polearms       | 1 |  1.2
Staves         | 1 |  1.2
Ranged Weapons | 1 |  1.2
Throwing       | 1 |  1.2
Armour         | 1 |  1.2
Shields        | 1 |  1.2
Unarmed Combat | 1 |  1.2
Spellcasting   | 1 |  1.2
Conjurations   | 1 |  1.0
Hexes          | 1 |  1.0
Summonings     | 1 |  1.0
Necromancy     | 1 |  1.0
Translocations | 1 |  1.0
Transmutations | 1 |  1.0
Fire Magic     | 1 |  1.0
Ice Magic      | 1 |  1.0
Air Magic      | 1 |  1.0
Earth Magic    | 1 |  1.0
Poison Magic   | 1 |  1.0
Invocations    | 1 |  1.3
Evocations     | 1 |  1.2
Fighting       | |  6.6
Short Blades   | |  4.6
Dodging        | |  4.6

Action                   |  1- 3 |  4- 6 || total
-------------------------+-------+-------++-------
Melee: Short sword       |     1 |    19 ||    20
       Bite              |       |     2 ||     2
  Use: Potion            |       |     1 ||     1
 Stab: Sleeping          |     1 |       ||     1
Armor: Leather armour    |       |     4 ||     4
Dodge: Dodged            |       |     8 ||     8
